 Dungeon Sprint DCSS version 0.23-a0-189-gc87c613 (webtiles) character file.

265 Felrender the Cleaver (level 5, -2/85 HPs)
             Began as a Minotaur Berserker on Sept 23, 2018.
             Was a High Priest of Trog.
             Slain by a wyvern (10 damage)
             ... in the Dungeon (Sprint IX: "|||||||||||||||||||||||||||||").
             The game lasted 00:01:07 (200 turns).

Felrender the Cleaver (Minotaur Berserker)           Turns: 200, Time: 00:01:08

Health: -2/85      AC:  4    Str: 28    XL:     5   Next: 99%
Magic:  4/4        EV: 14    Int:  4    God:    Trog [*****.]
Gold:   0          SH:  0    Dex:  9    Spells: 4/4 levels left

rFire    . . .     SeeInvis .   a - +0 hand axe
rCold    . . .     Gourm    .   (no shield)
rNeg     . . .     Faith    .   b - +0 animal skin
rPois    .         Spirit   .   (helmet restricted)
rElec    .         Reflect  .   o - +0 cloak
rCorr    .         Harm     .   (no gloves)
MR       ++...     NoTele   +   p - +0 pair of boots
Stlth    ..........             (no amulet)
HPRegen  1.24/turn              (no ring)
MPRegen  0.09/turn              (no ring)

@: berserking, regenerating, very quick
A: retaliatory headbutt, horns 2
a: Berserk, Trog's Hand, Brothers in Arms, Renounce Religion


You were in the Dungeon.
You worshipped Trog.
Trog was extremely pleased with you.
You were not hungry.

You visited 1 branch

Inventory:

Hand Weapons
 a - a +0 hand axe (weapon)
 n - the +3 war axe of Ybbanexi {chop, rF+ Int+2 Dex+2}
   (You found it in the Dungeon)

   It inflicts extra damage upon your enemies.
   It affects your intelligence (+2).
   It affects your dexterity (+2).
   It protects you from fire.
Armour
 b - a +0 animal skin (worn)
 o - a +0 cloak (worn)
 p - a +0 pair of boots (worn)
 q - a +1 chain mail
Jewellery
 r - a +3 ring of strength
 s - a +2 ring of protection
Wands
 m - a wand of iceblast (10)
Scrolls
 i - 2 scrolls of blinking
 l - 3 scrolls of remove curse
Potions
 d - 5 potions of curing
 e - 3 potions of heal wounds
 f - a potion of haste
 g - 4 potions of magic
 h - a potion of berserk rage
 k - a potion of invisibility
Comestibles
 c - a ration
 j - 6 chunks of flesh


   Skills:
 + Level 9.4 Fighting
 + Level 10.5 Axes
 + Level 4.7 Armour
 + Level 5.3 Dodging


You had 4 spell levels left.
You didn't know any spells.
Your spell library was empty.

Dungeon Overview and Level Annotations

Branches:
Dungeon (1/1)

Altars:
Cheibriados
Dithmenos
Elyvilon
Fedhas
Gozag
Hepliaklqana
Kikubaaqudgha
Makhleb
Nemelex Xobeh
Okawaru
Qazlal
Ru
Sif Muna
Trog
Uskayaw
Vehumet
Wu Jian
Xom
Yredelemnul
Zin
The Shining One
Beogh
Jiyva
Lugonu


Innate Abilities, Weirdness & Mutations

You reflexively headbutt those who attack you in melee.
You have a pair of horns on your head.


Message History

You closely miss something. Your headbutt misses something. Something hits you.
* * * LOW HITPOINT WARNING * * *
Something shocks you.
* * * LOW HITPOINT WARNING * * *
You miss something. You headbutt something!!
Something hits you but does no damage.
You slash something! Trog accepts your kill.
Trog will gift you weapons as you gain piety.
Reactivating autopickup.
Your Fighting skill increases to level 9!
Your Axes skill increases to level 10!
Your Dodging skill increases to level 5!
You feel a bit more experienced. The wyvern closely misses you.
You see here a sky beast corpse.
You slash the wyvern! Your headbutt misses the wyvern.
The wyvern is moderately wounded.
The wyvern bites you!
You die...

▓+▓
▓.▓
▓.▓
▓.▓
▓.▓
▓l▓
▓@▓
▓)▓
▓.▓
▓.▓
▓.▓
▓.▓
▓.▓
▓)▓
▓|▓


You could see a wyvern.

Vanquished Creatures
  A sky beast (D)
  An orc warrior (D)
  A bullfrog (D)
  A shadow imp (D)
  2 adder zombies (D)
  An orc (D)
  A bat skeleton (D)
  A bat zombie (D)
  A giant cockroach (D)
  A goblin (D)
  A hobgoblin (D)
  A bat (D)
  2 frilled lizards (D)
15 creatures vanquished.

Notes
Turn   | Place    | Note
-------+----------+-------------------------------------------
     0 | D        | Felrender the Minotaur Berserker began the quest for the
                  | Orb.
     0 | D        | Reached XP level 1. HP: 19/19 MP: 0/0
     9 | D        | Reached skill level 4 in Axes
    11 | D        | Reached ** piety under Trog
    30 | D        | Reached *** piety under Trog
    30 | D        | Reached skill level 5 in Axes
    30 | D        | Reached XP level 2. HP: 24/28 MP: 1/1
    37 | D        | Reached skill level 5 in Fighting
   119 | D        | Found a roughly hewn altar of Beogh.
   119 | D        | Found a snail-covered altar of Cheibriados.
   119 | D        | Found a shadowy altar of Dithmenos.
   119 | D        | Found a white marble altar of Elyvilon.
   119 | D        | Found a blossoming altar of Fedhas.
   119 | D        | Found an opulent altar of Gozag.
   120 | D        | Found a hazy altar of Hepliaklqana.
   121 | D        | Found a viscous altar of Jiyva.
   122 | D        | Found an ancient bone altar of Kikubaaqudgha.
   123 | D        | Found a corrupted altar of Lugonu.
   124 | D        | Found a burning altar of Makhleb.
   125 | D        | Found a sparkling altar of Nemelex Xobeh.
   126 | D        | Found an iron altar of Okawaru.
   127 | D        | Found a stormy altar of Qazlal.
   128 | D        | Found a sacrificial altar of Ru.
   129 | D        | Found a deep blue altar of Sif Muna.
   130 | D        | Found a bloodstained altar of Trog.
   131 | D        | Found a hide-covered altar of Uskayaw.
   132 | D        | Found a radiant altar of Vehumet.
   133 | D        | Found an ornate altar of the Wu Jian Council.
   134 | D        | Found a shimmering altar of Xom.
   135 | D        | Found a basalt altar of Yredelemnul.
   136 | D        | Found a glowing silver altar of Zin.
   137 | D        | Found a glowing golden altar of the Shining One.
   154 | D        | Found the +5 pair of quick blades "Gyre" and "Gimble"
                  | {pierce, Dex-3}
   154 | D        | Got the +3 war axe of Ybbanexi {chop, rF+ Int+2 Dex+2}
   181 | D        | Noticed a wyvern
   181 | D        | Noticed a sky beast
   181 | D        | Noticed an orc warrior
   181 | D        | Noticed a bullfrog
   188 | D        | Killed a bullfrog
   188 | D        | Reached **** piety under Trog
   188 | D        | Reached skill level 7 in Axes
   188 | D        | Reached XP level 3. HP: 22/38 MP: 2/2
   188 | D        | Reached XP level 4. HP: 27/45 MP: 3/3
   191 | D        | Killed an orc warrior
   191 | D        | Reached skill level 9 in Axes
   191 | D        | Reached XP level 5. HP: 9/55 MP: 4/4
   198 | D        | Killed a sky beast
   198 | D        | Reached ***** piety under Trog
   198 | D        | Reached skill level 10 in Axes
   198 | D        | Reached skill level 5 in Dodging
   200 | D        | Slain by a wyvern

Vault maps used:
D:        linesprint

Skill      XL: |  1  2  3  4  5 |
---------------+----------------+-----
Fighting       | 4 6 8 9 |  9.4
Axes           | 5 7 9 10 | 10.5
Armour         | 3 4 |  4.7
Dodging        | 3 4 5 |  5.3

Action                   |  1- 3 |  4- 6 || total
-------------------------+-------+-------++-------
Melee: Hand axe          |    33 |     8 ||    41
       Headbutt          |     4 |     2 ||     6
Invok: Berserk           |       |     1 ||     1
       Trog's Hand       |       |     1 ||     1
Armor: Animal skin       |     6 |     1 ||     7
Dodge: Dodged            |    19 |     3 ||    22

Table legend:
 A = Non-vault XP
 B = Vault XP
 C = Vault XP percentage of total XP
 D = Non-vault monster count
 E = Vault monster count
 F = Vault count percentage of total count
                 A         B        C        D         E       F
            +---------+---------+-------+---------+---------+-------
      Total |       0 |     379 | 100.0 |       0 |      15 | 100.0
            +---------+---------+-------+---------+---------+-------
          D |       0 |     379 | 100.0 |       0 |      15 | 100.0
            +---------+---------+-------+---------+---------+-------
